 Dungeon Crawl Stone Soup version 0.21-a0-2-ge494091 (webtiles) character file.

28 Finntroll the Shooter (level 3, -1/35 HPs)
             Began as a Troll Hunter on May 18, 2017.
             Slain by an adder (2 damage)
             ... on level 2 of the Dungeon on May 22, 2017.
             The game lasted 00:18:05 (1943 turns).

Finntroll the Shooter (Troll Hunter)                Turns: 1943, Time: 00:18:05

Health: -1/35      AC:  5    Str: 25    XL:     3   Next: 0%
Magic:  2/2        EV: 10    Int:  7    God:
Gold:   93         SH:  0    Dex: 11    Spells: 2/2 levels left

rFire    . . .     SeeInvis .   o - +0 hand axe
rCold    . . .     Gourm    +   (no shield)
rNeg     . . .     Faith    .   c - +0 robe
rPois    .         Spirit   .   (helmet restricted)
rElec    .         Reflect  .   (no cloak)
rCorr    .         Harm     .   (gloves unavailable)
MR       .....                  (boots unavailable)
Stlth    +.........             (no amulet)
Regen    0.6/turn               (no ring)
MPRegen  0.1/turn               (no ring)

@: mighty, lethally poisoned (-1 -> -3)
A: unfitting armour, claws 3, fast metabolism 3, gourmand, regeneration 1,
shaggy fur 1, tough skin 2
a: no special abilities


You were on level 2 of the Dungeon.
You were full.

You visited 1 branch of the dungeon, and saw 3 of its levels.

You collected 93 gold pieces.

Inventory:

Hand Weapons
 a - a +1 shortbow
 b - a +0 short sword
 k - a +0 mace
 o - a +0 hand axe (weapon)
Missiles
 d - 33 arrows
 h - 16 bolts
Armour
 c - a +0 robe (worn)
 j - a +0 ring mail
 m - a +0 leather armour
Scrolls
 e - 2 scrolls of remove curse {unknown}
 g - a scroll of blinking {unknown}
 i - a scroll of teleportation {unknown}
 l - 2 scrolls of amnesia {unknown}
 p - a scroll of random uselessness {unknown}
 q - a scroll of fog {unknown}
 r - a scroll of identify {unknown}
Potions
 n - a potion of might
 s - a potion of lignification {unknown}
Comestibles
 f - 3 bread rations


   Skills:
 + Level 1.7 Fighting
 + Level 0.2(0.4) Axes
 + Level 0.3(0.4) Maces & Flails
 + Level 3.1 Bows
 + Level 1.7 Dodging
 + Level 0.4 Stealth


You had 2 spell levels left.
You didn't know any spells.

Dungeon Overview and Level Annotations

Branches:
Dungeon (3/15)

Altars:


Innate Abilities, Weirdness & Mutations

You are too large for most types of armour.
You have claws for hands.
Your metabolism is lightning-fast.
You like to eat raw meat.
Your natural rate of healing is unusually fast.
You are covered in fur. (AC +1)
You have very tough skin. (AC +2)


Message History

You kill the goblin!
You have reached level 3!
Your experience leads to an increase in your attributes!
Increase (S)trength, (I)ntelligence, or (D)exterity?
You feel agile.
You feel stronger.
You hit the hobgoblin. You barely miss the rat. You closely miss the adder.
You feel sick. The adder bites you.
* * * LOW HITPOINT WARNING * * *
You are lethally poisoned!
The adder poisons you!
The hobgoblin hits you but does no damage.
The rat bites you.
* * * LOW HITPOINT WARNING * * *
The adder bites you but does no damage.
It was a potion of might.
You feel very mighty all of a sudden.
* * * LOW HITPOINT WARNING * * *
You feel sick. The hobgoblin barely misses you.
The rat bites you but does no damage. The adder bites you.
You die...

#....##.##.##.....#.##.#
#....#.....##.....#.##.#
###.##..###.........##.#
#.##.................#
#.##..##........#.#### #.
#.##..##..###)....#
###.####.........###...###
.......#.##.)..........#
...........S@.........##
.###.#.#.##r#g#.##.#..#
#.####.........<.#
#.####.#...##.#..#
).#...........#..#
..............#..#
#..####.###..###..# ...
...............
.................


You could see an adder, a hobgoblin and a rat.

Vanquished Creatures
  A dart slug (D:1)
  5 goblins
  3 hobgoblins (D:1)
  2 jackals (D:1)
  5 kobolds (D:1)
  3 bats
  3 frilled lizards (D:1)
  3 rats (D:1)
25 creatures vanquished.

Notes
Turn   | Place    | Note
-------+----------+-------------------------------------------
     0 | D:1      | Finntroll the Troll Hunter began the quest for the Orb.
     0 | D:1      | Reached XP level 1. HP: 19/19 MP: 0/0
   158 | D:1      | Reached XP level 2. HP: 23/28 MP: 1/1
   312 | D:1      | Reached skill level 3 in Bows
   376 | D:1      | Upgraded the game from 0.21-a0 to 0.21-a0-2-ge494091
  1920 | D:2      | Found a faded altar of an unknown god.
  1942 | D:2      | Reached XP level 3. HP: 5/35 MP: 2/2
  1942 | D:2      | HP: 1/35 [rat (1)]
  1943 | D:2      | Slain by an adder

Vault maps used:
D:1:      minmay_arrival_pointy
D:2:      chequers_ecumenical_altar_simple, serial_corexii_hall,
          corexii_hall_statues_i, corexii_hall_statues_u
D:3:      nicolae_dithmenos_shadow_blocks, overflow_temple_1_default,
          first_bread, uniq_grinder

Skill      XL: |  1  2 |
---------------+-------+-----
Bows           | 3 |  3.1
Fighting       | |  1.7
Axes           | |  0.2
Maces & Flails | |  0.3
Dodging        | |  1.7
Stealth        | |  0.4

Action                   || total
-------------------------++-------
Melee: Mace              ||    25
       Hand axe          ||    37
 Fire: Shortbow          ||    13
  Use: Potion            ||     1
  Eat: Chunk             ||    14
       Meat ration       ||     1
Armor: Robe              ||    51
Dodge: Dodged            ||    69
